 Dungeon Crawl Stone Soup version 0.25.0-9-g26727b657a (webtiles) character file.

Game seed: 18293649436930523830

193855 Apogee the Warrior (level 18, -11/187 HPs)
             Began as a Gargoyle Gladiator on June 19, 2020.
             Was a High Priest of Trog.
             Mangled by an emperor scorpion (12 damage)
             ... on level 3 of the Spider Nest.
             The game lasted 01:44:24 (40042 turns).

Apogee the Warrior (Gargoyle Gladiator)            Turns: 40042, Time: 01:44:25

Health: -11/187    AC: 38    Str: 35    XL:     18   Next: 28%
Magic:  9/9        EV:  7    Int:  9    God:    Trog [*****.]
Gold:   2348       SH:  0    Dex:  9    Spells: 17/17 levels left

rFire    + . .     SeeInvis .   a - +7 flail of Frustration {flame, rElec rC+}
rCold    + . .     Gourm    .   J - +0 kite shield
rNeg     + . .     Faith    .   k - +1 plate armour {MR+}
rPois    ∞         Spirit   .   c - +0 helmet
rElec    +         Reflect  .   z - +0 cloak "Nidiezun" {rElec}
rCorr    .         Harm     .   l - +0 pair of gloves
MR       +++..                  L - +1 pair of boots
Stlth    ..........             u - amulet of Beauty {Acrobat rElec MP-9 Str+9}
HPRegen  0.41/turn              h - ring of protection from fire
MPRegen  0.11/turn              n - ring of protection from magic

@: berserking (expiring), held, studying Dodging, very quick
A: big wings, blink, clumsy 1, negative energy resistance 1, electricity
resistance, unbreathing, petrification resistance, rot immunity, sturdy frame 1,
AC +13
}: 1/15 runes: barnacled
a: Fly, Blink, Berserk, Trog's Hand, Brothers in Arms, Renounce Religion


You were on level 3 of the Spider Nest.
You worshipped Trog.
Trog was extremely pleased with you.
You were very hungry.

You visited 5 branches of the dungeon, and saw 30 of its levels.
You visited 1 bazaar.

You collected 3171 gold pieces.
You spent 823 gold pieces at shops.

Inventory:

Hand Weapons
 a - the +7 flail of Frustration (weapon) {flame, rElec rC+}
   (You found it on level 4 of the Shoals)

   It has been specially enchanted to burn those struck by it, causing extra
   injury to most foes and up to half again as much damage against particularly
   susceptible opponents.
   It protects you from cold.
   It insulates you from electricity.
 b - a +6 eveningstar of chaos
Missiles
 d - 10 throwing nets
 g - 25 javelins (quivered)
 A - 10 atropa-tipped darts
 D - 849 stones
 H - 59 silver javelins
 K - 3 boomerangs of dispersal
Armour
 c - a +0 helmet (worn)
 k - a +1 plate armour of magic resistance (worn)
 l - a +0 pair of gloves (worn)
 z - the +0 cloak "Nidiezun" (worn) {rElec}
   (You found it on level 5 of the Dungeon)

   It insulates you from electricity.
 J - a +0 kite shield (worn)
 L - a +1 pair of boots (worn)
Jewellery
 h - a ring of protection from fire (left hand)
 m - an uncursed ring of protection from fire
 n - a ring of protection from magic (right hand)
 u - the amulet of Beauty (around neck) {Acrobat rElec MP-9 Str+9}
   (You took it off a merfolk siren on level 2 of the Shoals)

   [amulet of the acrobat]

   It helps you evade while moving and waiting.
   It affects your strength (+9).
   It insulates you from electricity.
   It affects your magic capacity (-9).
Wands
 i - a wand of digging (10)
 p - a wand of flame (54)
 q - a wand of random effects (9)
 I - a wand of iceblast (3)
 N - a wand of disintegration (15)
 O - a wand of acid (7)
 Q - a wand of paralysis (4)
Scrolls
 o - 6 scrolls of enchant armour
 r - 5 scrolls of magic mapping
 s - 5 scrolls of enchant weapon
 v - a scroll of fear
 y - 7 scrolls of teleportation
 B - 15 scrolls of identify
 C - 11 scrolls of remove curse
 F - 2 scrolls of fog
Potions
 e - 4 potions of mutation
 j - 11 potions of curing
 w - a potion of haste
 x - 4 potions of ambrosia
 E - 3 potions of invisibility
 G - 2 potions of magic
 M - a potion of cancellation
Books
 t - a manual of Dodging
Comestibles
 f - 45 rations


   Skills:
 - Level 18.0 Fighting
 - Level 16.0 Maces & Flails
 - Level 8.0 Throwing
 - Level 14.0 Armour
 + Level 11.6 Dodging
 - Level 15.0 Shields


You had 17 spell levels left.
You didn't know any spells.
Your spell library contained the following spells:

 Spells                   Type           Power        Failure   Level  Hunger
 Beastly Appendage        Tmut           #.....       80%         1    ##.....
 Corona                   Hex            #......      80%         1    ##.....
 Magic Dart               Conj           #...         80%         1    ##.....
 Sting                    Tmut/Pois      #...         80%         1    ##.....
 Blink                    Tloc           N/A          90%         2    ###....
 Call Imp                 Summ           #.......     90%         2    ###....
 Ensorcelled Hibernation  Hex/Ice        #.....       90%         2    ###....
 Poisonous Vapours        Pois/Air       #.....       90%         2    ###....
 Searing Ray              Conj           #.....       90%         2    ###....
 Slow                     Hex            #.......     90%         2    ###....
 Sticks to Snakes         Tmut           #.......     90%         2    ###....
 Confusing Touch          Hex            #.......     99%         3    ####...
 Conjure Flame            Conj/Fire      #.......     99%         3    ####...
 Dazzling Flash           Conj/Hex       #.....       99%         3    ####...
 Frozen Ramparts          Ice            #.....       99%         3    ####...
 Gell's Gravitas          Tloc           #.........   99%         3    ####...
 Ignite Poison            Fire/Tmut/Pois #.......     99%         3    ####...
 Lesser Beckoning         Tloc           #.........   99%         3    ####...
 Mephitic Cloud           Conj/Pois/Air  #.......     99%         3    ####...
 Spider Form              Tmut/Pois      #.........   99%         3    ####...
 Tukima's Dance           Hex            #.......     99%         3    ####...
 Airstrike                Air            #.........   100%        4    #####..
 Fulminant Prism          Conj/Hex       #.........   100%        4    #####..
 Ice Form                 Ice/Tmut       #.......     100%        4    #####..
 Iskenderun's Mystic Bla  Conj/Tloc      #.......     100%        4    #####..
 Olgreb's Toxic Radiance  Pois           #.......     100%        4    #####..
 Passage of Golubria      Tloc           N/A          100%        4    #####..
 Petrify                  Tmut/Erth      #.......     100%        4    #####..
 Blade Hands              Tmut           #.........   100%        5    ######.
 Irradiate                Conj/Tmut      #.........   100%        5    ######.
 Metabolic Englaciation   Hex/Ice        #.........   100%        5    ######.
 Yara's Violent Unravell  Hex/Tmut       #.........   100%        5    ######.
 Hydra Form               Tmut           #.........   100%        6    #######
 Dragon Form              Tmut           #.........   100%        7    #######
 Statue Form              Tmut/Erth      Unusable     N/A         6    N/A

Dungeon Overview and Level Annotations

Branches:
Dungeon (15/15)            Temple (0/1) D:7            Lair (6/6) D:10
 Shoals (4/4) Lair:2       Spider (3/4) Lair:2        Slime (0/5) Lair:6
    Orc (2/2) D:11            Elf (0/3) Orc:2        Vaults (0/5) D:14
 Depths (0/5) D:15

Altars:
Ashenzari
Fedhas
Gozag
Hepliaklqana
Kikubaaqudgha
Nemelex Xobeh
Okawaru
Ru
Sif Muna
Trog
Vehumet
Wu Jian
Xom
Zin
The Shining One
Beogh
Jiyva

Shops:
D:10 *   D:15 %   Orc:2 :[**

Portals:
Pandemonium: Orc:2


Innate Abilities, Weirdness & Mutations

You are resistant to torment.
Your stone body is resilient. (AC +13)
You are immune to poison.
Your large and strong wings let you fly indefinitely.
You resist negative energy. (rN+)
You are resistant to electric shocks. (rElec)
You can survive without breathing.
You are immune to petrification.
You are immune to rotting.
You can translocate small distances at will.
You are clumsy. (Dex -2)
Your movements are slightly less encumbered by armour. (ER -2)


Message History

You miss the jumping spider.
The jumping spider is heavily wounded.
The jumping spider pounces on you.
* * * LOW HITPOINT WARNING * * *
You are caught in a web!
The jumping spider bites you but does no damage.
The jumping spider closely misses you. x2
The jumping spider barely misses you.
The jumping spider bites you but does no damage.
The jumping spider pounces on you!
* * * LOW HITPOINT WARNING * * *
The jumping spider bites you.
* * * LOW HITPOINT WARNING * * *
Unknown command.
Unknown command.
You struggle to detach yourself from the web.
The jumping spider pounces on you but does no damage.
The jumping spider bites you but does no damage.
The emperor scorpion stings you!
You die...

##.#^## ##.....#
###..(..### #......#
#8......(8# ##......##
^..8.8^.. #†####...##
$..†... #.†# #....#
#.....#
#.#####...####.....###
##..####.###8..ss^.s8#
##..##### #...8@8.^.#
#.....# #8..sss..8#
##.†..### ###..$..###
##^....#####....^###
###.....#8^.......#
#.....'††.8.8...+
###.....#8.....^.8#
#......############
#.#....#######


You could see an emperor scorpion (berserk), an orb spider (charged) and 4
jumping spiders.

Vanquished Creatures
  Polyphemus (Shoals:4)
  Aizul (Shoals:2)
  An emperor scorpion (Spider:1)
  An entropy weaver (Spider:2)
  5 merfolk javelineers
  A spark wasp (Spider:3)
  Snorg (D:10)
  7 merfolk impalers
  3 hydras
  4 vault guards (D:14)
  6 merfolk avatars
  A catoblepas (Shoals:4)
  3 centaur warriors
  2 alligator snapping turtles
  A satyr (Shoals:3)
  2 merfolk aquamancers
  7 dancing weapons (Spider:2)
  A two-headed ogre (D:14)
  9 death yaks
  A death knight (D:11)
  A tengu warrior (D:15)
  2 orc high priests (Orc:2)
  A fire crab (Lair:6)
  9 sea snakes
  3 unseen horrors
  A wizard (D:15)
  A necromancer (D:15)
  7 orc knights
  4 harpies
  10 orb spiders
  13 wolf spiders
  17 manticores
  4 orc sorcerers
  An oklob plant (Orc:2)
  18 ugly things
  A deep elf mage (D:14)
  A salamander (Lair:2)
  7 cyclopes
  19 fauns
  3 moths of wrath
  12 merfolk sirens
  5 water nymphs
  4 elephants (Lair:6)
  A naga mage (D:15)
  2 black mambas
  A smoke demon (Orc:2)
  5 centaur skeletons
  2 gargoyles
  16 spiny frogs
  Maggie (D:10)
  A rime drake (Lair:5)
  9 demonic crawlers
  6 komodo dragons
  An efreet (D:15)
  An ice devil (Orc:2)
  A hellwing (Orc:2)
  4 harpy zombies
  4 polar bears
  28 merfolk
  3 meliai (Spider:2)
  8 wind drakes
  17 jumping spiders
  6 trolls
  36 blink frogs (Lair:6)
  3 slime creatures (D:14)
  8 hippogriffs
  19 dream sheep
  4 hornets
  5 tyrant leeches (Lair:6)
  10 snapping turtles
  17 tarantellas
  6 water elementals
  4 wyverns
  2 centaur simulacra (D:15)
  2 humans (D:9)
  28 yaks
  A vampire (D:12)
  34 redbacks
  A neqoxec (Orc:2)
  A hungry ghost (D:14)
  Grum (D:10)
  8 vampire mosquitoes
  A steam dragon (D:10)
  Menkaure (D:7)
  2 wargs
  A soldier ant (D:10)
  2 acid dragons
  8 porcupines
  4 water moccasins
  4 ice beasts
  5 black bears
  31 orc warriors
  A phantom (D:4)
  2 eyes of draining
  A necrophage (D:9)
  2 sky beasts
  14 ogres
  17 wolves
  10 centaurs
  2 big kobolds
  9 crocodiles
  22 bullfrogs
  A wyvern skeleton (D:12)
  A water moccasin zombie (D:11)
  A hornet simulacrum (D:15)
  7 scorpions
  13 killer bees
  2 howler monkeys
  2 electric eels
  2 bullfrog zombies
  9 crimson imps
  7 centaur zombies
  11 hounds
  2 quasits
  2 jellies
  24 orc priests
  A bullfrog skeleton (D:5)
  4 iguanas
  16 orc wizards
  6 worker ants
  A hound zombie (D:7)
  2 hound skeletons
  2 howler monkey skeletons
  A howler monkey zombie (D:6)
  2 worker ant zombies
  3 gnolls (D:5)
  14 adders
  2 shadow imps
  12 white imps (D:11)
  An ooze (D:5)
  An adder skeleton (D:8)
  6 worms
  3 dart slugs
  A leopard gecko (shapeshifter) (D:15)
  10 leopard geckos
  82 orcs
  7 bats
  2 bat zombies (Shoals:4)
  7 giant cockroaches
  8 goblins
  5 hobgoblins
  8 jackals
  A quokka (D:7)
  6 frilled lizards
  A jackal skeleton (D:5)
  10 kobolds
  5 rats
  5 plants
967 creatures vanquished.

Vanquished Creatures (collateral kills)
  Rupert (Orc:2)
  An entropy weaver (Spider:2)
  Nessos (Orc:2)
  A merfolk impaler (Shoals:1)
  A merfolk aquamancer (Shoals:4)
  3 orc high priests (Orc:2)
  A sun demon (Orc:2)
  A torturous demonspawn (Orc:2)
  An orc knight (Orc:2)
  A faun (Shoals:1)
  A cyclops (Orc:2)
  A wolf spider (Spider:2)
  4 orc sorcerers (Orc:2)
  A manticore (Shoals:2)
  A water nymph (Shoals:4)
  A spiny frog (Lair:6)
  An ice devil (Orc:2)
  A jumping spider (Spider:2)
  A troll (Orc:1)
  4 merfolk (Shoals:1)
  6 redbacks (Spider:2)
  A tarantella (Spider:2)
  A water elemental (Shoals:4)
  4 orc warriors (Orc:2)
  An ogre (Orc:1)
  3 orc priests (Orc:2)
  An orc wizard (Orc:1)
  10 orcs
55 creatures vanquished.

Vanquished Creatures (others)
  A ghost moth (Spider:2)
  A wizard (D:15)
  3 merfolk sirens
  A troll (D:15)
  A snapping turtle (Shoals:2)
  A redback (Spider:3)
  An orc wizard (Orc:1)
  An orc (D:14)
  5 bushes (Lair:6)
  36 fungi
  69 plants
  11 tentacles (Shoals:4)
131 creatures vanquished.

Grand Total: 1153 creatures vanquished

Notes
Turn   | Place    | Note
-------+----------+-------------------------------------------
     0 | D:1      | Apogee the Gargoyle Gladiator began the quest for the Orb.
     0 | D:1      | Reached XP level 1. HP: 12/12 MP: 1/1
     5 | D:1      | Gained mutation: You can translocate small distances at
                  | will. [potion of mutation]
     5 | D:1      | Gained mutation: Your movements are slightly less
                  | encumbered by armour. (ER -2) [potion of mutation]
   226 | D:1      | Reached XP level 2. HP: 16/17 MP: 2/2
   513 | D:1      | Reached XP level 3. HP: 19/21 MP: 3/3
  2185 | D:3      | Reached XP level 4. HP: 23/26 MP: 4/4
  2352 | D:3      | Found a radiant altar of Vehumet.
  2407 | D:3      | Reached skill level 5 in Maces & Flails
  2569 | D:3      | Reached XP level 5. HP: 30/30 MP: 5/5
  2739 | D:3      | Found a sparkling altar of Nemelex Xobeh.
  3209 | D:4      | Noticed a phantom
  3248 | D:4      | Killed a phantom
  3248 | D:4      | Reached XP level 6. HP: 19/35 MP: 4/6
  3850 | D:4      | Reached XP level 7. HP: 34/40 MP: 7/7
  4070 | D:4      | Reached skill level 10 in Fighting
  4070 | D:4      | Reached XP level 8. HP: 20/57 MP: 3/8
  4087 | D:4      | HP: 2/57 [worker ant (2)]
  4091 | D:5      | Entered Level 5 of the Dungeon
  4099 | D:5      | HP: 2/57 [worker ant (2)]
  4758 | D:5      | Found a sparkling altar of Nemelex Xobeh.
  4789 | D:5      | Reached XP level 9. HP: 61/62 MP: 9/9
  4919 | D:5      | Got a slimy cloak
  4925 | D:5      | Identified the cursed +0 cloak "Nidiezun" {rElec} (You
                  | found it on level 5 of the Dungeon)
  5521 | D:4      | Found an ancient bone altar of Kikubaaqudgha.
  5730 | D:4      | Found an opulent altar of Gozag.
  6080 | D:6      | Found an ornate altar of the Wu Jian Council.
  6184 | D:6      | Reached skill level 10 in Maces & Flails
  6334 | D:6      | Found a bloodstained altar of Trog.
  6334 | D:6      | You fall into a shaft and drop 3 floors!
  6424 | D:7      | Noticed Menkaure
  6426 | D:7      | Killed Menkaure
  6521 | D:6      | Became a worshipper of Trog the Wrathful
  6544 | D:6      | Found a sacrificial altar of Ru.
  6737 | D:6      | Reached XP level 10. HP: 68/68 MP: 10/10
  7182 | D:7      | Found a glowing golden altar of the Shining One.
  7249 | D:7      | Found a staircase to the Ecumenical Temple.
  7335 | D:7      | Reached * piety under Trog
  7988 | D:8      | Found a hazy altar of Hepliaklqana.
  8054 | D:8      | Noticed an angel
  8055 | D:8      | Found a shimmering altar of Xom.
  8055 | D:8      | Found a glowing silver altar of Zin.
  8585 | D:9      | Found an iron altar of Okawaru.
  8832 | D:9      | Found a blossoming altar of Fedhas.
  8836 | D:9      | Found a sacrificial altar of Ru.
  9024 | D:9      | Found a shattered altar of Ashenzari.
  9024 | D:9      | Found an iron altar of Okawaru.
  9051 | D:9      | Found a shimmering blue altar of Sif Muna.
  9253 | D:10     | Entered Level 10 of the Dungeon
  9426 | D:10     | Reached ** piety under Trog
  9436 | D:10     | Reached XP level 11. HP: 72/72 MP: 11/11
  9450 | D:10     | Found a staircase to the Lair.
  9453 | D:10     | Noticed Snorg
  9536 | D:10     | Killed Snorg
  9630 | D:10     | Found Gouptaxi's Assorted Antiques.
  9684 | D:10     | Noticed Maggie
  9692 | D:10     | Killed Maggie
 10230 | D:10     | Noticed Grum
 10245 | D:10     | Killed Grum
 10366 | D:10     | Identified the Compendium of the Traveller and
                  | Weightlessness
 10401 | D:10     | Reached skill level 1 in Shields
 10428 | D:10     | Reached *** piety under Trog
 10891 | D:11     | Noticed a cyclops
 10892 | D:11     | Found a sparkling altar of Nemelex Xobeh.
 10893 | D:11     | Noticed a death knight
 10938 | Lair:1   | Entered Level 1 of the Lair of Beasts
 12066 | Lair:2   | Found a hole to the Spider Nest.
 12066 | Lair:2   | Noticed a wolf spider
 12078 | Lair:2   | Killed a wolf spider
 12078 | Lair:2   | Reached skill level 11 in Fighting
 12078 | Lair:2   | Reached XP level 12. HP: 65/80 MP: 12/12
 12422 | Lair:2   | Found a staircase to the Shoals.
 12502 | Lair:2   | Reached skill level 12 in Fighting
 13720 | Lair:3   | Reached skill level 13 in Fighting
 14444 | D:11     | Found a staircase to the Orcish Mines.
 14459 | D:11     | Reached **** piety under Trog
 15244 | D:11     | Killed a death knight
 15244 | D:11     | Reached skill level 14 in Fighting
 15541 | Orc:1    | Entered Level 1 of the Orcish Mines
 15925 | D:12     | Reached ***** piety under Trog
 16052 | D:12     | Reached XP level 13. HP: 35/90 MP: 13/13
 16413 | D:12     | Reached skill level 5 in Throwing
 16982 | D:13     | Found a glowing golden altar of the Shining One.
 18520 | D:14     | Found a gate to the Vaults.
 18520 | D:14     | Noticed a vault guard
 18520 | D:14     | Noticed a vault guard
 18520 | D:14     | Noticed a vault guard
 18520 | D:14     | Noticed a vault guard
 19556 | Lair:5   | Reached skill level 10 in Armour
 20025 | Lair:5   | You fall into a shaft and drop 1 floor!
 20025 | Lair:6   | Entered Level 6 of the Lair of Beasts
 21262 | Lair:6   | Received a gift from Trog
 21267 | Lair:6   | Gained mutation: Your large and strong wings let you fly
                  | indefinitely. [Gargoyle growth]
 21267 | Lair:6   | Reached XP level 14. HP: 83/96 MP: 14/14
 23002 | Lair:6   | Reached skill level 15 in Fighting
 23016 | Lair:6   | Reached ****** piety under Trog
 23040 | Lair:6   | Found a viscous altar of Jiyva.
 23040 | Lair:6   | Found a staircase to the Slime Pits.
 23644 | Orc:2    | Entered Level 2 of the Orcish Mines
 23679 | Orc:2    | Found a staircase to the Elven Halls.
 23726 | Orc:2    | Noticed Rupert
 23733 | Orc:2    | Killed Rupert
 23775 | Orc:2    | Received a gift from Trog
 23808 | Orc:2    | Found a flickering gateway to a bazaar.
 23809 | Orc:2    | Noticed Nessos
 23814 | Bazaar   | Entered a bazaar
 24005 | Bazaar   | Found Nogoirr's Book Emporium.
 24014 | Bazaar   | Found Nurgh's Book Shop.
 24014 | Bazaar   | Found Yneuquo's Weapon Shop.
 24052 | Bazaar   | Found Sosagonn's Distillery.
 24086 | Bazaar   | Bought a manual of Dodging for 772 gold pieces
 24111 | Orc:2    | Killed Nessos
 24626 | Orc:2    | Found Doasomeu's General Store.
 24628 | Orc:2    | Found Heresi's General Store.
 24653 | Orc:2    | Reached skill level 16 in Fighting
 25284 | Orc:2    | Reached XP level 15. HP: 105/105 MP: 15/15
 25306 | Orc:2    | Bought a scroll of teleportation for 51 gold pieces
 25359 | Orc:2    | Received a gift from Trog
 25384 | Orc:2    | Gained mutation: You are clumsy. (Dex -2) [a neqoxec]
 25521 | Orc:2    | Found Sowomes's Antique Armour Boutique.
 25521 | Orc:2    | Found Seetac's Book Shop.
 25522 | Orc:2    | Found a one-way gate leading to the halls of Pandemonium.
 25684 | Orc:1    | Found a bloodstained altar of Trog.
 25869 | Orc:1    | Reached skill level 17 in Fighting
 26913 | D:14     | Found a shattered altar of Ashenzari.
 27042 | D:14     | Reached skill level 18 in Fighting
 27442 | D:14     | Found a roughly hewn altar of Beogh.
 27467 | D:15     | Entered Level 15 of the Dungeon
 27829 | D:15     | Reached skill level 5 in Dodging
 28285 | D:15     | Found Viatet's Food Shoppe.
 28725 | D:15     | Found a staircase to the Depths.
 29273 | Shoals:1 | Entered Level 1 of the Shoals
 29461 | Shoals:1 | Reached XP level 16. HP: 103/114 MP: 16/16
 30891 | Shoals:1 | Reached skill level 15 in Maces & Flails
 31325 | Shoals:4 | Entered Level 4 of the Shoals
 31468 | Shoals:4 | Noticed a kraken
 31745 | Shoals:2 | Found a runed translucent door.
 31793 | Shoals:2 | Noticed Aizul
 31821 | Shoals:2 | Killed Aizul
 32074 | Shoals:2 | Identified the amulet of Beauty {Acrobat rElec MP-9 Str+9}
 32174 | Shoals:2 | Reached skill level 10 in Dodging
 32733 | Shoals:2 | Received a gift from Trog
 33104 | Shoals:2 | Reached skill level 5 in Shields
 33993 | Shoals:3 | Reached XP level 17. HP: 63/119 MP: 17/17
 35133 | Shoals:4 | Noticed Polyphemus
 35159 | Shoals:4 | Received a gift from Trog
 35166 | Shoals:4 | Reached skill level 10 in Shields
 35170 | Shoals:4 | Killed Polyphemus
 35879 | Shoals:4 | Got a fine flail
 35880 | Shoals:4 | Identified the +7 flail of Frustration {flame, rElec rC+}
                  | (You found it on level 4 of the Shoals)
 36120 | Shoals:4 | HP: 3/119 [water elemental (6)]
 36749 | Shoals:4 | Got a barnacled rune of Zot
 37008 | Spider:1 | Entered Level 1 of the Spider Nest
 38444 | Spider:2 | Found a runed translucent door.
 38482 | Spider:2 | Identified the Papyrus of the Glacier
 38961 | Spider:2 | Reached XP level 18. HP: 117/125 MP: 9/18
 39191 | Spider:2 | Received a gift from Trog
 39584 | Spider:3 | Reached skill level 15 in Shields
 40041 | Spider:3 | HP: 7/187 [jumping spider (9)]
 40041 | Spider:3 | HP: 1/187 [jumping spider (6)]
 40042 | Spider:3 | Mangled by an emperor scorpion

Illustrated notes

Levels and vault maps discovered:
D:1:      dpeg_arrival_water_temple_mockup, layout_loops_ring,
          hangedman_decor_clover_reticule
D:2:      layout_basic
D:3:      layout_basic, vehumet_crystals, nemelex_altar_shiori
D:4:      layout_loops_ring, marbit_many_paths, kennysheep_mini
D:5:      layout_basic, first_ration, basic_altar, dk_noncrumbling_4,
          minmay_strange_pillars
D:6:      layout_basic, lemuel_doored_altar, bloody_trog,
          nicolae_ru_great_annihilating_truth
D:7:      layout_basic, kennysheep_little_box, minmay_temple_entry_waves,
          grunt_ogre_cave, chequers_serial_rivers_room_a, uniq_menkaure
D:8:      layout_loops_ring, grunt_temple_overflow_order_and_chaos_1,
          basic_altar
D:9:      layout_loops_ring, fedhas_ov_isle_minmay,
          nicolae_overflow_hidden_temple, overflow_temple_1_default,
          okawaru_humans
D:10:     layout_irregular_city, due_lair_maze_entry_diamond, serial_shops,
          nicolae_shop_overgrown_old_shop, uniq_grum, uniq_snorg, uniq_maggie
D:11:     layout_cave_pods, orc_0_dummy, serial_park, serial_park_square3
          [serial_park_minivault_5x5_3], serial_park_square3
          [serial_park_minivault_5x5_4], portal_ice_cave_entry_imps,
          minivault_24
D:12:     layout_irregular_city
D:13:     layout_roguey, basic_altar
D:14:     layout_cave_pools, lightli_vaults_fourway_checkpoint,
          evilmike_ruin_ashenzari, special_room [special_room_orc]
D:15:     grunt_enter_depths_magical_seal, layout_irregular_city, serial_shops,
          shop_fountains
Lair:1:   layout_regular_city, chequers_serial_rivers_small_a,
          guppyfry_lair_drakes, serial_bayou_shore_b, grunt_megastairs_2
Lair:2:   layout_gridlike, elwin_shoals_entry_rocks, spider_nest_entry_rubble
Lair:3:   layout_regular_city
Lair:4:   layout_long_grid, chequers_serial_rivers_small_a, grunt_megastairs_5,
          serial_bayou_shore_b
Lair:5:   layout_long_grid
Lair:6:   minmay_lair_end_frog_pond, layout_loops_ring, slime_altar_1
Shoals:1: layout_shoals
Shoals:2: layout_shoals, lightli_airlock, uniq_aizul
Shoals:3: layout_shoals
Shoals:4: shoals_end_simple, layout_shoals, nicolae_shoals_undead_eyrie,
          uniq_polyphemus, uniq_mara
Spider:1: layout_spider_delve
Spider:2: cheibrodos_spider_deadly_dance, drop_trap
Spider:3: nicolae_spider_hall_of_the_moth_king, uniq_jorgrun
Orc:1:    layout_diamond_mine, basic_altar
Orc:2:    pf_orc_diabolical, layout_caves, serial_shops, bzr_entry_road,
          mines3_lemuel, uniq_nessos, uniq_rupert

Skill      XL: |  1  2  3  4  5  6  7  8  9 10 11 12 13 14 15 16 17 18 |
---------------+-------------------------------------------------------+-----
Maces & Flails | 4 5 7 8 9 10 12 14 16 | 16.0
Fighting       | 10 11 14 16 18 | 18.0
Armour         | 9 12 14 | 14.0
Shields        | 4 7 14 15 | 15.0
Throwing       | 4 8 |  8.0
Dodging        | 9 10 11 | 11.6

Action                   |  1- 3 |  4- 6 |  7- 9 | 10-12 | 13-15 | 16-18 || total
-------------------------+-------+-------+-------+-------+-------+-------++-------
Melee: Flail             |    61 |       |       |       |       |   632 ||   693
       Whip              |    63 |   124 |   246 |  1186 |   499 |       ||  2118
       Morningstar       |       |       |       |       |  1253 |   583 ||  1836
       Dire flail        |       |       |       |       |   119 |       ||   119
       Eveningstar       |       |       |       |       |       |   326 ||   326
Throw: Javelin           |       |       |       |       |    18 |    14 ||    32
       Stone             |       |       |       |       |       |    54 ||    54
       Dart              |       |       |       |       |       |     1 ||     1
       Throwing net      |       |       |       |       |       |     1 ||     1
       Boomerang         |       |       |       |       |       |     1 ||     1
Invok: Berserk           |       |       |       |     2 |    12 |     9 ||    23
       Brothers in Arms  |       |       |       |       |    15 |     5 ||    20
       Trog's Hand       |       |       |       |       |     6 |     3 ||     9
Evoke: Wand              |       |       |       |       |     1 |     9 ||    10
  Use: Potion            |     5 |       |     2 |     7 |     4 |     1 ||    19
       Scroll            |     3 |     1 |       |    16 |     8 |     3 ||    31
 Stab: Sleeping          |     2 |       |       |       |       |       ||     2
       Paralysed         |       |       |     1 |       |       |     1 ||     2
       Distracted        |       |       |       |     1 |       |       ||     1
       Petrified         |       |       |       |       |       |     5 ||     5
       Petrifying        |       |       |       |       |       |     2 ||     2
       Confused          |       |       |       |       |       |     1 ||     1
  Eat: Chunk             |     4 |     5 |     9 |    29 |    40 |    44 ||   131
       Ration            |       |       |       |     1 |     6 |     1 ||     8
Armor: Leather armour    |    31 |    38 |       |       |       |       ||    69
       Chain mail        |       |       |    96 |   458 |   187 |       ||   741
       Plate armour      |       |       |       |       |   893 |  1213 ||  2106
Dodge: Dodged            |    71 |    41 |    74 |   474 |   759 |  1092 ||  2511
Block: Buckler           |       |       |       |    94 |   248 |   226 ||   568
       Kite shield       |       |       |       |       |       |   544 ||   544
